Map: Eternal Empire LE

Players

Arctur

  • Race: Terran Terran
  • Spawn Location: 1:00

PtitDrogo - Winner!

  • Race: Protoss Protoss
  • League: Grandmaster
  • Spawn Location: 7:00

Event: DreamHack SC2 Masters 2020 Fall

VOD

Have the link to the VOD?

Description

Time

  • Played on: Aug. 27, 2020, 2:26 p.m.
  • Length: 12:35

All games in this series

Show
View Real Time Build Order
Export as new Build Order

Arctur Terran 

Build Orders: Reaper Expand 

Get SALT Encoding   

  12  0:00  SCV  
  13  0:12  SCV  
  14  0:17  Supply Depot  
  14  0:24  SCV  
  15  0:38  SCV  
  15  0:39  Barracks  
  16  0:44  Refinery  
  16  0:50  SCV  
  17  1:02  SCV  
  18  1:15  SCV  
  19  1:27  Orbital Command, Reaper  
  20  1:47  Command Center  
  20  1:54  SCV  
  20  1:56  Supply Depot  
  20  1:59  Marine  
  22  2:06  SCV  
  23  2:12  Factory  
  23  2:19  SCV  
  23  2:22  Barracks Reactor  
  24  2:24  Bunker  
  24  2:32  SCV  
  24  2:36  Barracks  
  25  2:44  SCV  
  26  2:48  Refinery  
  26  3:03  SCV  
  26  3:05  Orbital Command  
  26  3:09  Hellion x2  
  26  3:12  Barracks Tech Lab  
  30  3:15  SCV  
  31  3:28  SCV  
  31  3:31  SCV  
  33  3:35  Marine  
  33  3:36  Stimpack  
  33  3:40  SCV  
  35  3:41  Starport  
  35  3:43  SCV  
  35  3:45  Factory Reactor, Marine x2  
  38  3:50  Supply Depot  
  38  3:52  SCV  
  40  3:55  SCV  
  40  4:00  Marine  
  41  4:03  Marine x2  
  41  4:05  SCV  
  41  4:07  SCV  
  45  4:13  Supply Depot  
  44  4:18  Marauder, SCV  
  44  4:19  SCV  
  44  4:21  Marine x2  
  44  4:23  Medivac  
  44  4:24  Widow Mine  
  54  4:28  Supply Depot  
  54  4:34  SCV x2  
  54  4:35  Widow Mine  
  54  4:37  Engineering Bay, Refinery  
  58  4:44  Marauder, Marine  
  58  4:45  Marine  
  62  4:49  SCV x2  
  62  4:51  Supply Depot  
  64  4:53  Supply Depot  
  64  4:56  Widow Mine  
  64  4:59  Widow Mine  
  68  5:04  Medivac  
  70  5:07  SCV  
  70  5:09  SCV  
  70  5:11  Terran Infantry Weapons Level 1  
  70  5:13  Marauder  
  72  5:14  Supply Depot  
  72  5:16  Marine  
  72  5:19  SCV  
  75  5:21  SCV  
  75  5:24  Combat Shield  
  75  5:28  Refinery  
  75  5:30  Factory Tech Lab  
  75  5:32  SCV  
  75  5:33  SCV  
  75  5:34  Barracks  
  77  5:38  Marauder, Marine  
  80  5:44  Medivac, SCV, Supply Depot  
  80  5:45  SCV  
  82  5:50  Medivac  
  84  5:57  Supply Depot, Marine  
  84  5:58  Supply Depot, Marine  
  84  6:02  Marine  
  84  6:03  Siege Tank  
  90  6:14  Barracks  
  90  6:15  Barracks, Marine  
  91  6:21  Marauder  
  91  6:22  Marine  
  94  6:33  Barracks Tech Lab, Marine  
  94  6:34  SCV  
  94  6:35  Siege Tank  
  94  6:39  Marine  
  99  6:42  Marauder  
  93  6:47  Medivac x2  
  93  6:51  Marine  
  92  6:57  Marine  
  92  6:59  Command Center  
  92  7:01  Marauder  
  96  7:04  Barracks Reactor  
  96  7:05  Barracks Tech Lab  
  96  7:06  Marauder  
  97  7:09  Marine  
  97  7:13  Terran Infantry Armor Level 1, Supply Depot  
  97  7:14  Concussive Shells  
  97  7:15  Marine  
  98  7:21  Siege Tank  
  102  7:24  Marauder  
  102  7:27  Viking  
  106  7:30  Marine  
  106  7:34  Viking  
  109  7:37  Supply Depot  
  109  7:38  Marine  
  109  7:39  Marine  
  109  7:42  Marine  
  108  7:53  Marauder, Marine x2  
  108  7:54  Siege Tank  
  108  7:57  Viking  
  108  7:58  Marauder  
  114  7:59  Marine  
  114  8:02  Marauder  
  114  8:03  SCV  
  116  8:07  Viking  
  116  8:09  Marine  
  119  8:13  Orbital Command  
  119  8:21  Marine  
  119  8:22  Marauder  
  119  8:25  SCV x2  
  124  8:27  Viking  
  124  8:30  Siege Tank  
  124  8:31  Marauder, Marine  
  130  8:37  Viking  
  130  8:38  Marine  
  130  8:39  Marine  
  134  8:43  Marauder, Marine  
  134  8:47  Marine  
  138  8:48  Supply Depot  
  138  8:49  Marine  
  138  8:57  Viking, Marine x2  
  138  9:00  Marauder  
  138  9:01  Marine  
  138  9:02  Siege Tank  
  148  9:05  Marine  
  148  9:09  Supply Depot  
  149  9:10  Marauder  
  149  9:14  Marine  
  149  9:15  Marine  
  153  9:17  Marine  
  153  9:20  Marine  
  153  9:21  Marauder  
  157  9:25  Supply Depot  
  157  9:26  Marauder  
  156  9:31  Marauder  
  156  9:32  Marine  
  156  9:34  Siege Tank, Marine  
  153  9:43  Marauder  
  153  9:44  Marine x2  
  123  9:48  Marauder  
  123  9:50  Marine  
  123  9:52  Marine  
  114  9:53  Marauder  
  103  10:02  Marine x2  
  103  10:04  Marauder  
  101  10:07  Marine  
  101  10:09  Marauder  
  101  10:10  Marine  
  101  10:13  Siege Tank  
  108  10:14  Marauder  
  108  10:17  Viking x2  
  108  10:20  Marine x2  
  116  10:23  Refinery  
  116  10:26  Marauder  
  118  10:30  Marauder  
  122  10:36  Marauder  
  121  10:45  Siege Tank  
  121  10:47  Viking x2  
  121  10:48  Marauder, Marine  
  121  10:49  Marine x3  
  102  10:52  Marauder  
  102  10:56  Marine  
  88  11:05  Marine  
  88  11:07  Marine x2  
  88  11:08  Marine  
  88  11:09  Marauder  
  94  11:17  Viking x2, Siege Tank  
  101  11:18  Marine  
  101  11:19  Marauder  
  101  11:23  Ghost Academy, Refinery, Marine  
  101  11:24  Marine x2  
  107  11:26  Marine  
  107  11:31  Marauder  
  110  11:37  Marauder  
  110  11:39  Marine  
  112  11:41  Marine  
  112  11:42  Marine x2  
  116  11:49  Siege Tank  
  116  11:52  Marauder  
  121  11:54  Supply Depot, Marine  
  121  11:57  Marine  
  119  12:07  Marauder, Marine x2  
  121  12:08  Marine  
  121  12:12  Marine  
  121  12:14  Marauder  
Show
View Real Time Build Order
Export as new Build Order

PtitDrogo Protoss - Winner!

Build Orders: 1 Gate Expand, Blink Stalkers 

Get SALT Encoding   

  12  0:00  Probe  
  13  0:12  Probe  
  14  0:17  Pylon  
  14  0:24  Probe  
  15  0:36  Gateway, Probe (Chrono Boost)  
  16  0:46  Assimilator, Probe (Chrono Boost)  
  17  0:51  Probe (Chrono Boost)  
  18  1:03  Probe  
  19  1:15  Probe  
  20  1:23  Cybernetics Core  
  20  1:32  Nexus  
  20  1:38  Pylon  
  20  1:42  Probe  
  21  1:48  Assimilator  
  21  1:54  Probe  
  22  1:56  Adept (Chrono Boost)  
  24  2:03  Shield Battery  
  24  2:09  Probe  
  24  2:12  Warp Gate  
  25  2:16  Stalker (Chrono Boost)  
  25  2:21  Probe  
  28  2:33  Twilight Council  
  28  2:36  Probe (Chrono Boost)  
  29  2:43  Probe (Chrono Boost)  
  31  2:52  Probe (Chrono Boost)  
  31  2:54  Probe (Chrono Boost)  
  32  3:02  Robotics Facility  
  32  3:05  Probe x2  
  34  3:18  Blink (Chrono Boost)  
  34  3:19  Gateway, Probe (Chrono Boost)  
  36  3:22  Probe (Chrono Boost)  
  36  3:28  Probe (Chrono Boost)  
  36  3:30  Gateway  
  36  3:31  Probe (Chrono Boost)  
  38  3:35  Probe  
  39  3:41  Probe  
  39  3:44  Pylon  
  39  3:48  Probe  
  41  3:49  Observer  
  41  3:53  Probe  
  43  4:00  Stalker  
  43  4:01  Assimilator  
  43  4:02  Pylon  
  45  4:03  Assimilator, Probe  
  45  4:07  Probe  
  47  4:14  Stalker  
  47  4:15  Probe (Chrono Boost)  
  50  4:19  Pylon  
  50  4:22  Probe (Chrono Boost)  
  51  4:27  Probe (Chrono Boost)  
  51  4:28  Stalker x2  
  57  4:35  Probe x2 (Chrono Boost)  
  58  4:41  Probe  
  58  4:42  Pylon  
  58  4:43  Probe  
  58  4:45  Stalker  
  61  4:49  Observer  
  62  4:54  Nexus  
  62  4:58  Pylon  
  62  5:01  Probe  
  63  5:09  Probe  
  63  5:10  Stalker x2  
  63  5:13  Probe  
  67  5:17  Robotics Bay  
  67  5:20  Forge  
  67  5:22  Probe  
  67  5:25  Probe  
  67  5:28  Stalker  
  71  5:34  Probe (Chrono Boost)  
  72  5:37  Observer  
  72  5:38  Probe (Chrono Boost)  
  74  5:45  Pylon  
  74  5:46  Probe (Chrono Boost)  
  74  5:47  Sentry x2  
  74  5:48  Probe (Chrono Boost)  
  80  5:51  Probe (Chrono Boost)  
  80  5:53  Protoss Ground Weapons Level 1, Probe (Chrono Boost)  
  82  6:00  Shield Battery, Probe, Colossus (Chrono Boost)  
  89  6:09  Probe x2, Pylon  
  91  6:12  Photon Cannon  
  91  6:17  Sentry  
  91  6:18  Stalker x2  
  97  6:26  Photon Cannon  
  96  6:41  Stalker x2  
  96  6:42  Stalker  
  97  6:51  Observer, Colossus (Chrono Boost)  
  103  6:55  Probe  
  103  7:00  Probe x2  
  106  7:02  Pylon  
  106  7:03  Charge (Chrono Boost)  
  106  7:06  Gateway x2  
  106  7:19  Probe x2  
  106  7:21  Assimilator, Probe  
  106  7:22  Assimilator  
  109  7:23  Extended Thermal Lance  
  109  7:31  Probe x2  
  109  7:36  Stalker x3  
  117  7:39  Pylon  
  117  7:41  Gateway  
  117  7:42  Probe  
  116  7:55  Protoss Ground Armor Level 1 (Chrono Boost)  
  116  7:58  Probe x2  
  116  8:02  Robotics Facility  
  116  8:07  Forge, Pylon  
  116  8:09  Pylon  
  116  8:23  Templar Archives  
  116  8:24  Nexus, Colossus (Chrono Boost)  
  116  8:25  Gateway  
  116  8:26  Pylon  
  114  8:27  Gateway  
  120  8:37  Probe x2  
  120  8:39  Pylon  
  122  8:44  Protoss Ground Weapons Level 2 (Chrono Boost)  
  122  8:47  Photon Cannon  
  122  8:49  Shield Battery  
  122  8:50  Disruptor  
  125  8:57  Zealot x4  
  125  8:59  Zealot  
  125  9:02  Zealot  
  137  9:03  Gravitic Drive  
  137  9:11  Disruptor  
  140  9:18  High Templar x2  
  140  9:20  Zealot x4  
  152  9:26  Archon  
  151  9:33  Disruptor  
  146  9:45  Zealot x4, Stalker x2  
  125  9:46  Disruptor (Chrono Boost)  
  111  10:05  Disruptor (Chrono Boost), Zealot x2, Stalker x4  
  111  10:12  Unknown  
  111  10:13  Zealot x2  
  116  10:19  Disruptor (Chrono Boost)  
  119  10:23  Probe  
  119  10:24  Probe x3  
  119  10:26  Sentry  
  119  10:27  Zealot  
  119  10:28  Zealot x4  
  129  10:34  Immortal (Chrono Boost)  
  137  10:38  Zealot x2  
  119  10:52  Stalker x6  
  123  11:10  Immortal (Chrono Boost)  
  123  11:11  Immortal (Chrono Boost)  
  131  11:29  High Templar  
  131  11:30  Zealot x3, High Templar x3  
  131  11:31  Zealot  
  147  11:35  Gateway x2  
  147  11:36  Archon  
  147  11:37  Archon  
  147  11:48  Immortal x2  
  147  11:51  Stalker x2  
  147  11:52  Zealot  
  155  12:08  Stalker x2  
  155  12:09  Zealot x2  
  155  12:10  High Templar x2  
  155  12:14  Archon  
  167  12:24  Nexus  

Tags
 
Add a new tag
Caveats
  • Supply blocks, unpowered buildings, or Contaminate may cause inaccurate times.
  • Supply counts are checked every 10 seconds.